 Dungeon Crawl Stone Soup version 0.30-a0-341-g682706514a (webtiles) character file.

Game seed: 5245745478105713965

575211 ragingrage the Phalangite (level 26, -6/241 HPs)
             Began as a Naga Warper on Nov 3, 2022.
             Was the Champion of Cheibriados.
             Mangled by a death cob (9 damage)
             ... on level 3 of the Realm of Zot.
             The game lasted 02:29:37 (79535 turns).

ragingrage the Phalangite (Naga Warper)            Turns: 79535, Time: 02:29:38

Health: -6/241     AC: 36    Str: 31 (34) XL:     26   Next: 48%
Magic:  30/31      EV: 11    Int: 38 (40) God:    Cheibriados [******]
Gold:   2199       SH:  0    Dex: 23 (25) Spells: 12/51 levels left

rFire   + . .      SeeInvis +    a - +9 bardiche (vamp)
rCold   + . .      Faith    .    (shield currently unavailable)
rNeg    + + +      Spirit   .    J - +0 gold dragon scales
rPois   +          Reflect  .    B - +1 hat {Will+}
rElec   +          Harm     .    S - +0 cloak {rCorr}
rCorr   +          Rampage  .    m - +2 pair of gloves
Will    +++++                    i - +3 barding {Fly}
Stlth   ..........               Q - amulet of magic regeneration
HPRegen 0.60/turn                M - ring of Heresy {rPois rN+ Will+ EV+4 Str+4}
MPRegen 0.62/turn                d - ring of Tereq {Fly rElec rPois rN++ MP-9}

@: about to teleport, flying, slowed, studying 3 skills, invisible, very slow
A: AC +8, large, see invisible, deformed body, poison resistance, slowness 2,
spit poison 1, naga tail 2, horns 1, wild magic 2
}: 4/15 runes: serpentine, barnacled, slimy, silver
a: Spit Poison, Renounce Religion, Bend Time, Temporal Distortion, Slouch, Step
From Time


You were on level 3 of the Realm of Zot.
You worshipped Cheibriados.
Cheibriados was exalted by your worship.
You visited 11 branches of the dungeon, and saw 51 of its levels.
You visited 1 bazaar.
You also visited: Gauntlet.

You collected 7819 gold pieces.
You spent 5620 gold pieces at shops.

Inventory:

Hand Weapons
 a - a +9 vampiric bardiche (weapon)
Missiles
 c - 5 boomerangs of dispersal
 k - 50 boomerangs
 p - 10 curare-tipped darts
 t - 5 throwing nets
 E - 14 silver javelins
Armour
 i - a +3 barding of flying (worn)
 m - a +2 pair of gloves (worn)
 B - a +1 hat of willpower (worn)
 J - +0 gold dragon scales (worn)
 S - a +0 cloak of preservation (worn)
Jewellery
 d - the ring of Tereq (right hand) {Fly rElec rPois rN++ MP-9}
   (You found it in a Gauntlet)

   [ring of flight]

   rElec:     It insulates you from electricity.
   rPois:     It protects you from poison.
   rN:        It greatly protects you from negative energy.
   MP:        It affects your magic capacity (-9).
   Fly:       It grants you flight.
 M - the ring of Heresy (left hand) {rPois rN+ Will+ EV+4 Str+4}
   (You found it on level 5 of the Pits of Slime)

   [ring of evasion]

   EV:        It affects your evasion (+4).
   Str:       It affects your strength (+4).
   rPois:     It protects you from poison.
   rN:        It protects you from negative energy.
   Will:      It increases your willpower.
 Q - an amulet of magic regeneration (around neck)
Wands
 r - a wand of digging (3)
 w - a wand of mindburst (55)
 z - a wand of light (13)
 L - a wand of roots (39)
 W - a wand of paralysis (53)
Scrolls
 e - 9 scrolls of fog
 f - 17 scrolls of teleportation
 g - 6 scrolls of fear
 u - 2 scrolls of brand weapon
 D - 10 scrolls of enchant armour
 F - a scroll of enchant weapon
 G - 4 scrolls of silence
 K - 12 scrolls of poison
 P - 2 scrolls of magic mapping
 U - a scroll of summoning
 V - 12 scrolls of vulnerability
Potions
 h - 10 potions of attraction
 l - 5 potions of magic
 n - 3 potions of ambrosia
 o - 17 potions of curing
 q - 5 potions of haste
 s - 12 potions of cancellation
 v - a potion of heal wounds
 x - 12 potions of lignification
 C - 10 potions of mutation
 H - 4 potions of might
 N - 3 potions of invisibility
 O - 4 potions of berserk rage
 R - 8 potions of resistance
 Z - 12 potions of brilliance
Miscellaneous
 b - a box of beasts
 j - a phantom mirror
 I - a condenser vane (inert)
 T - a phial of floods (inert)
 X - a tin of tremorstones (2/2)


   Skills:
 - Level 15.0 Fighting
 - Level 10.0 Maces & Flails
 * Level 23.6 Polearms
 - Level 0.8 Throwing
 + Level 12.3 Armour
 - Level 8.0 Dodging
 - Level 14.0 Stealth
 - Level 2.8 Unarmed Combat
 - Level 13.0 Spellcasting
 - Level 8.0 Conjurations
 + Level 14.7 Summonings
 - Level 16.0 Translocations
 - Level 7.0 Transmutations
 - Level 2.0 Air Magic
 + Level 4.1 Earth Magic
 - Level 4.3 Poison Magic
 + Level 17.9 Invocations
 + Level 13.6 Evocations


You had 12 spell levels left.
You knew the following spells:

 Your Spells              Type           Power      Damage    Failure   Level
a - Wereblood             Tmut           90%        N/A       7%          2
b - Summon Forest         Summ/Tloc      61%        N/A       4%          5
c - Animate Armour        Summ/Erth      100%       N/A       14%         4
d - Summon Cactus Giant   Summ           60%        N/A       21%         6
f - Vhi's Electric Charg  Tloc/Air       100%       N/A       6%          3
g - Manifold Assault      Tloc           100%       N/A       2%          4
h - Disjunction           Tloc           62%        N/A       98%         8
i - Blink                 Tloc           100%       N/A       1%          2
j - Summon Mana Viper     Hex/Summ       91%        N/A       54%         5

Your spell library contained the following spells:

 Spells                   Type           Power      Damage    Failure   Level
 Summon Small Mammal      Summ           100%       N/A       1%          1
 Call Imp                 Summ           100%       N/A       1%          2
 Call Canine Familiar     Summ           100%       N/A       1%          3
 Gell's Gravitas          Tloc           100%       N/A       1%          3
 Lesser Beckoning         Tloc           100%       N/A       1%          3
 Teleport Other           Tloc           100%       N/A       1%          3
 Passage of Golubria      Tloc           100%       N/A       2%          4
 Magic Dart               Conj           100%       1d8       4%          1
 Iskenderun's Mystic Bla  Conj/Tloc      100%       2d19      6%          4
 Sting                    Tmut/Pois      100%       1d8       8%          1
 Shock                    Conj/Air       100%       1d9       10%         1
 Passwall                 Tmut/Erth      68%        N/A       11%         2
 Summon Guardian Golem    Hex/Summ       91%        N/A       11%         3
 Kiss of Death            Conj/Necr      100%       2d13      13%         1
 Static Discharge         Conj/Air       100%       2-7/arc   13%         2
 Dispersal                Tloc           62%        N/A       14%         6
 Kindle Blastsparks       Fire/Tloc/Air  100%       2d18      16%         3
 Spider Form              Tmut/Pois      83%        N/A       17%         3
 Summon Lightning Spire   Summ/Air       96%        N/A       19%         4
 Poisonous Vapours        Pois/Air       100%       N/A       22%         2
 Mephitic Cloud           Conj/Pois/Air  78%        N/A       24%         3
 Dazzling Flash           Conj/Hex       100%       N/A       30%         3
 Hailstorm                Conj/Ice       73%        3d15      30%         3
 Cigotuvi's Dreadful Rot  Necr/Pois/Air  100%       N/A       32%         2
 Ignite Poison            Fire/Tmut/Pois 71%        N/A       32%         3
 Necrotise                Necr           100%       1d9       43%         1
 Slow                     Hex            100%       N/A       43%         1
 Petrify                  Tmut/Erth      82%        N/A       45%         4
 Swiftness                Air            59%        N/A       52%         3
 Irradiate                Conj/Tmut      46%        3d27      52%         5
 Ensorcelled Hibernation  Hex/Ice        78%        N/A       56%         2
 Scorch                   Fire           78%        2d9       56%         2
 Sublimation of Blood     Necr           39%        N/A       56%         2
 Blade Hands              Tmut           45%        N/A       56%         5
 Olgreb's Toxic Radiance  Pois           75%        N/A       58%         4
 Flame Wave               Conj/Fire      73%        2d16      63%         4
 Sticky Flame             Conj/Fire      73%        2d9       63%         4
 Summon Hydra             Summ           60%        N/A       67%         7
 Ice Form                 Ice/Tmut       70%        N/A       71%         4
 Alistair's Intoxication  Tmut/Pois      55%        N/A       75%         5
 Confusing Touch          Hex            39%        N/A       78%         3
 Inner Flame              Hex/Fire       39%        N/A       78%         3
 Ozocubu's Armour         Ice            39%        N/A       78%         3
 Tukima's Dance           Hex            39%        N/A       78%         3
 Vampiric Draining        Necr           39%        2d8       78%         3
 Arcjolt                  Conj/Air       39%        1d49      82%         5
 Lightning Bolt           Conj/Air       39%        1d58      82%         5
 Leda's Liquefaction      Hex/Erth       29%        N/A       87%         4
 Lee's Rapid Deconstruct  Erth           36%        3d18*     90%         5
 Freezing Cloud           Conj/Ice/Air   34%        6-21      95%         5
 Yara's Violent Unravell  Hex/Tmut       35%        3d14      95%         5
 Spellforged Servitor     Conj/Summ      54%        N/A       97%         7
 Anguish                  Hex/Necr       19%        N/A       98%         4
 Animate Dead             Necr           39%        N/A       98%         4
 Cause Fear               Hex            19%        N/A       98%         4
 Dispel Undead            Necr           39%        3d16      98%         4
 Borgnjor's Vile Clutch   Necr/Erth      29%        N/A       99%         5
 Iron Shot                Conj/Erth      42%        9d8       99%         6
 Statue Form              Tmut/Erth      54%        N/A       99%         6
 Summon Horrible Things   Summ           60%        N/A       99%         8
 Metabolic Englaciation   Hex/Ice        19%        N/A       100%        5
 Conjure Ball Lightning   Conj/Air       39%        3x3d14    100%        6
 Death Channel            Necr           19%        N/A       100%        6
 Simulacrum               Ice/Necr       19%        N/A       100%        6
 Starburst                Conj/Fire      36%        6d11      100%        6
 Dragon Form              Tmut           45%        N/A       100%        7
 Enfeeble                 Hex            19%        N/A       100%        7
 Haunt                    Necr/Summ      45%        N/A       100%        7
 Ozocubu's Refrigeration  Ice            19%        4d11      100%        7
 Storm Form               Tmut/Air       38%        N/A       100%        7
 Borgnjor's Revivificati  Necr           19%        N/A       100%        8
 Discord                  Hex            19%        N/A       100%        8
 Ignition                 Fire           19%        3d7       100%        8
 Infestation              Necr           19%        N/A       100%        8
 Maxwell's Capacitive Co  Air            29%        ∞         100%        8
 Necromutation            Tmut/Necr      35%        N/A       100%        8
 Dragon's Call            Summ           60%        N/A       100%        9
 Polar Vortex             Ice            19%        N/A       100%        9


Dungeon Overview and Level Annotations

Branches:
Dungeon (15/15)            Temple (1/1) D:6            Lair (5/5) D:9
 Shoals (4/4) Lair:3        Snake (4/4) Lair:2        Slime (5/5) Lair:4
    Orc (2/2) D:9             Elf (3/3) Orc:2        Vaults (5/5) D:13
  Crypt (0/3) Vaults:3     Depths (4/4) D:15            Zot (3/5) Depths:4
Gauntlet (visited)

Altars:
Ashenzari
Cheibriados
Dithmenos
Elyvilon
Fedhas
Gozag
Hepliaklqana
Kikubaaqudgha
Makhleb
Nemelex Xobeh
Okawaru
Qazlal
Ru
Sif Muna
Trog
Uskayaw
Vehumet
Wu Jian
Xom
Yredelemnul
Zin
The Shining One
Jiyva

Shops:
D:14 =   Orc:2 [([=   Elf:1 (   Elf:2 [   Elf:3 *   Vaults:1 =   Vaults:4 =
Vaults:5 *   Depths:1 *   Depths:4 *=*

Portals:
Hell: Depths:1 Depths:2 Depths:3 Depths:4
Abyss: Depths:3
Ziggurat: Depths:1

Annotations:
D:3 exclusion: downstairs
D:4 exclusion: statue
D:5 1 runed translucent door, Crazy Yiuf, Edmund
D:8 exclusion: downstairs
D:11 exclusion: downstairs
Lair:4 2 transporters
Snake:2 2 transporters, Sosam's ghost, adept TeBe


Innate Abilities, Weirdness & Mutations

Your serpentine skin is tough. (AC +8)
You have supernaturally acute eyesight. (SInv)
Armour fits poorly on your strangely shaped body.
Your system is resistant to poisons. (rPois)
You cover ground very slowly.
You can spit poison.
You can use your snake-like lower body to constrict enemies.
You have a pair of small horns on your head.
Your spells are harder to cast, but more powerful.


Message History

The death cob misses you.
The shadow dragon bites you but does no damage.
The shadow dragon claws you but does no damage.
The shadow dragon closely misses you. The death cob closely misses you.
The shadow dragon bites you but does no damage.
The shadow dragon claws you.
* * * LOW HITPOINT WARNING * * *
The shadow dragon claws you but does no damage.
The purple draconian shifter is engulfed in blazing flames.
The shadow dragon is engulfed in blazing flames.
As you read the scroll of summoning, it crumbles to dust.
Wisps of shadow whirl around you... The death cob hits you.
* * * LOW HITPOINT WARNING * * *
The death cob drains your vigour!
You feel yourself slow down. The death cob barely misses you.
The death cob hits you but does no damage.
The death cob closely misses you.
The storm dragon rages.
The death cob barely misses you.
The shadow dragon bites you but does no damage.
The shadow dragon claws you but does no damage. x2
The shadow dragon breathes negative energy at you.
The bolt of negative energy hits the death cob.
The death cob completely resists.
The bolt of negative energy hits you but does no damage.
You resist. The death cob hits your moth of wrath!!
You hear a deafening roar!
You feel much better.
You hear a roar!
The storm dragon is no longer berserk.
The death cob hits you but does no damage.
The death cob closely misses you. x2; The death cob hits you!!
* * * LOW HITPOINT WARNING * * *
A storm dragon comes into view.
The death cob hits you!!
* * * LOW HITPOINT WARNING * * *
The death cob drains your vigour!
You feel as though you will be slow longer.
The death cob hits you!
You die...

.<.#XX°~.#.< ##..d.)k.#
...#○D~~.#....##..##...q.qd#
..♣†#q~.#......#..#....§.q##
.....#$♣......##.....D.§.#
..8.......8..##......q.§#
.^....8.♣. ^.##.....q..#
♣.....♣.....##D..[.qD.#
♣♣#.......###...DzD..#
.#♣♣#...♣♣♣#...D@zy.#
#.........## .........##
⌠.......## .......## ......#
.....# ..D.#


You could see 3 shadow dragons, 2 draconians, 2 storm dragons, a purple
draconian shifter (unable to see you), 2 death cobs, a white draconian
stormcaller (unable to see you), a friendly golden dragon (summoned), a friendly
storm dragon (summoned) and a friendly moth of wrath (summoned).

Vanquished Creatures
  the Royal Jelly (Slime:5)
  2 ancient liches (Vaults:5)
  Mara (Snake:4)
  2 juggernauts (Depths:2)
  Boris (Vaults:4)
  2 Killer Klowns (Zot:2)
  The ghost of Jesycrur the Warrior, a veteran OpEE of Ashenzari (Vaults:2)
  A caustic shrike (Depths:1)
  A bone dragon (Depths:2)
  7 golden dragons
  4 electric golems
  3 liches
  17 tentacled monstrosities
  3 deep elf blademasters (Elf:3)
  A walking divine tome (Depths:2)
  6 titans
  2 quicksilver dragons
  2 death cobs
  2 deep elf master archers (Elf:3)
  The ghost of ParallaxScroll the Fighter, an adept OgWr of Okawaru (Shoals:3)
  9 sphinxes
  13 acid blobs
  Gastronok (Lair:3)
  Agnes (D:14)
  9 storm dragons
  Roxanne (Shoals:2)
  6 shadow dragons
  Ilsuiw (Shoals:1)
  2 draconian monks
  7 rockslimes
  8 nagarajas
  A fenstrider witch (shapeshifter) (Vaults:5)
  15 fire giants
  3 tengu reavers
  3 draconian knights (Zot:2)
  8 azure jellies
  2 draconian scorchers
  9 frost giants
  Louise (Snake:4)
  9 deep elf sorcerers
  Aizul (Snake:2)
  2 iron dragons
  15 vault wardens
  A draconian stormcaller (Zot:3)
  A deep elf elementalist (Elf:3)
  10 quicksilver oozes
  2 draconian annihilators
  2 angels (Vaults:1)
  An orc warlord (Vaults:2)
  22 ironbound preservers
  4 war gargoyles
  21 stone giants
  A vampire knight (Depths:2)
  7 very ugly things
  7 black draconians
  3 green draconians
  10 ironbound thunderhulks
  The ghost of bande the Severer, a journeyman GrFi of Okawaru (Lair:4)
  A yellow draconian (Zot:2)
  15 dire elephants
  7 deep elf annihilators (Elf:3)
  12 purple draconians
  2 minotaurs
  A bunyip (shapeshifter) (Depths:4)
  2 red draconians
  3 white draconians
  6 spark wasps
  8 deep elf demonologists
  2 deep elf death magi
  Josephine (D:15)
  3 merfolk javelineers
  10 yaktaur captains
  An ettin (shapeshifter) (Depths:4)
  8 ettins
  5 fire dragons
  5 deep elf high priests
  3 entropy weavers
  2 hell beasts
  34 vault guards
  An entropy weaver (shapeshifter) (D:13)
  9 great orbs of eyes
  Fannar (Lair:3)
  8 ice dragons
  4 rakshasas
  A peacekeeper (Vaults:4)
  2 salamander tyrants (Snake:3)
  8 spriggan air magi
  3 catoblepae (Lair:5)
  A merfolk avatar (Shoals:3)
  9 hydras
  9 ironbound frosthearts
  13 centaur warriors
  20 dancing weapons
  6 anacondas
  2 merfolk aquamancers (Shoals:4)
  10 satyrs
  5 two-headed ogres
  5 ogre magi
  10 deep troll shamans
  9 tengu warriors
  6 boulder beetles
  3 orc high priests
  2 alligator snapping turtles
  10 naga sharpshooters
  2 spriggan berserkers
  5 hell hogs
  9 deep troll earth magi
  10 death yaks
  8 hell knights
  A vampire mage (Depths:4)
  13 naga warriors
  7 shock serpents
  3 sun demons (Depths:1)
  3 soul eaters (Depths:1)
  18 deep elf knights
  A shadow wraith (Vaults:5)
  A wretched star (Gauntlet)
  9 sea snakes
  A storm dragon zombie (Vaults:5)
  12 iron trolls
  5 salamander mystics
  3 skeletal warriors
  2 spark wasp zombies (D:15)
  5 glowing orange brains
  75 deep trolls
  A quicksilver dragon simulacrum (Depths:2)
  9 wizards
  3 phantasmal warriors
  2 flayed ghosts
  An orange crystal statue (Shoals:3)
  10 naga ritualists
  A tengu zombie (D:15)
  15 ironbound convokers
  9 deep elf archers
  23 deep elf zephyrmancers
  5 necromancers
  9 orc knights
  4 lindwurms
  9 mana vipers
  14 harpies
  3 shining eyes
  25 deep elf pyromancers
  2 tengu skeletons (Vaults:1)
  10 salamanders
  10 cyclopes
  A glowing shapeshifter (Vaults:5)
  38 ugly things
  14 moths of wrath
  7 orc sorcerers
  16 fauns
  An oklob plant (Lair:3)
  25 manticores
  6 merfolk sirens
  7 water nymphs
  28 black mambas
  17 vault sentinels
  2 stone giant skeletons
  A water nymph (shapeshifter) (Depths:3)
  3 eyes of devastation
  Joseph (D:7)
  20 naga magi
  8 guardian serpents
  A smoke demon (Depths:1)
  18 elephants
  2 kobold demonologists
  An unseen horror (D:11)
  23 cane toads
  A gargoyle (D:13)
  Maggie (D:9)
  A yaktaur (shapeshifter) (Elf:1)
  4 rime drakes
  A freezing wraith (Vaults:5)
  12 komodo dragons
  19 yaktaurs
  2 tengu conjurers
  An efreet (D:15)
  5 hornets
  2 queen bees (shapeshifter)
  A tengu simulacrum (Vaults:1)
  A hornet (shapeshifter) (D:13)
  A troll (Orc:2)
  22 merfolk
  Grinder (D:3)
  Prince Ribbit (D:7)
  7 wind drakes
  7 polar bears
  8 snapping turtles
  68 slime creatures
  22 blink frogs
  14 dream sheep
  2 jumping spiders (Vaults:4)
  Sigmund (D:3)
  4 centaur simulacra (D:15)
  A spriggan (shapeshifter) (D:15)
  An ettin zombie (Vaults:5)
  2 air elementals (Elf:1)
  5 shadows
  63 yaks
  4 spriggans
  9 wyverns
  11 water elementals
  3 fire elementals
  6 wraiths
  A yak (shapeshifter) (Elf:1)
  A basilisk (Lair:2)
  A human (shapeshifter) (Depths:4)
  A golden eye (Slime:5)
  5 steam dragons
  A basilisk (shapeshifter) (D:15)
  A redback simulacrum (D:14)
  2 redbacks (Vaults:4)
  6 vampire mosquitoes
  Menkaure (D:5)
  2 swamp worms (Lair:2)
  3 acid dragons
  4 wargs
  A harpy simulacrum (D:15)
  56 nagas
  Duvessa (D:5)
  19 water moccasins
  24 orc warriors
  3 ice beasts
  2 hornet zombies (D:7)
  2 black bears
  9 ogres
  23 wolves
  4 boggarts (Depths:3)
  18 centaurs
  A human skeleton (Vaults:1)
  3 phantoms (D:5)
  4 kobold brigands
  13 bullfrogs
  2 necrophages
  A small abomination (Gauntlet)
  A water moccasin zombie (D:7)
  An ogre simulacrum (Vaults:1)
  A scorpion (Lair:1)
  A wyvern zombie (D:7)
  17 wights
  Dowan (D:5)
  A human simulacrum (Vaults:5)
  7 killer bees
  A vampire bat (Lair:5)
  An electric eel (Lair:2)
  4 howler monkeys
  A centaur zombie (D:7)
  A bullfrog zombie (D:7)
  2 human zombies
  6 jellies
  3 hounds
  3 iguanas (D:5)
  30 orc priests
  A gnoll bouda (D:8)
  Ijyb (D:3)
  An iguana (shapeshifter) (Vaults:5)
  39 orc wizards
  A killer bee zombie (D:7)
  A mummy (D:7)
  4 gnolls
  4 adders
  8 white imps
  2 ufetubi
  A worm (D:2)
  4 dart slugs
  108 orcs
  4 ball pythons
  10 endoplasms
  7 giant cockroaches
  7 goblins
  10 hobgoblins
  A quokka (D:5)
  15 bats
  4 frilled lizards
  33 kobolds
  6 rats
2049 creatures vanquished.

Vanquished Creatures (collateral kills)
  A golden dragon (Zot:1)
  2 acid blobs (Slime:5)
  2 sphinxes
  A draconian monk (Zot:2)
  A rockslime (Slime:5)
  A draconian scorcher (Zot:1)
  2 ironbound preservers
  A draconian stormcaller (Depths:4)
  2 draconian annihilators (Zot:1)
  A spriggan defender (Depths:3)
  A quicksilver ooze (Slime:5)
  A stone giant (Vaults:5)
  A very ugly thing (Depths:1)
  A black draconian (Zot:2)
  A red draconian (Zot:1)
  A minotaur (Shoals:4)
  A purple draconian (Zot:1)
  2 yellow draconians
  A deep elf high priest (Elf:3)
  A yaktaur captain (Vaults:5)
  3 vault guards (Vaults:5)
  A rakshasa (Depths:1)
  2 centaur warriors (Vaults:1)
  An alligator snapping turtle (Shoals:4)
  A merfolk aquamancer (Shoals:4)
  A dancing weapon (Elf:2)
  A satyr (Shoals:4)
  A deep troll shaman (Depths:2)
  A tengu warrior (Depths:1)
  A deep elf knight (Elf:2)
  An orc high priest (Vaults:2)
  A deep troll earth mage (Vaults:5)
  An iron troll (Depths:1)
  11 deep trolls
  A lindwurm (shapeshifter) (Depths:3)
  2 orc knights
  2 deep elf archers (Elf:3)
  A deep elf pyromancer (Elf:1)
  A deep elf zephyrmancer (Elf:1)
  2 ugly things (Depths:1)
  A moth of wrath (Zot:2)
  A guardian serpent (Snake:4)
  A yaktaur (Vaults:1)
  A merfolk (Shoals:4)
  2 slime creatures (Slime:5)
  A water elemental (Elf:3)
  2 nagas (Snake:4)
  2 orc warriors (Vaults:5)
  An orc priest (Vaults:5)
  3 orcs (D:3)
  An endoplasm (D:3)
  A goblin (D:3)
78 creatures vanquished.

Vanquished Creatures (others)
  An ancient lich (Zot:3)
  A naga (Snake:4)
  A white imp (D:15)
  28 demonic plants (Gauntlet)
  32 fungi
  154 plants
  11 snaplasher vines
  11 withered plants (D:15)
239 creatures vanquished.

Grand Total: 2366 creatures vanquished

Notes
Turn   | Place    | Note
-------+----------+-------------------------------------------
     0 | D:1      | ragingrage the Naga Warper began the quest for the Orb.
     0 | D:1      | Reached XP level 1. HP: 19/19 MP: 3/3
   218 | D:1      | Reached XP level 2. HP: 24/27 MP: 5/5
   226 | D:1      | Learned a level 2 spell: Blink
   713 | D:1      | Reached XP level 3. HP: 33/33 MP: 6/6
  1216 | D:1      | Learned a level 3 spell: Gell's Gravitas
  1631 | D:2      | Learned a level 1 spell: Magic Dart
  1959 | D:3      | Identified a scroll of acquirement
  1959 | D:3      | Acquired a +2 barding of flying
  1989 | D:3      | Reached XP level 4. HP: 42/42 MP: 7/7
  2044 | D:3      | Noticed Grinder
  2075 | D:3      | Reached skill level 1 in Conjurations
  2086 | D:3      | Killed Grinder
  2087 | D:3      | Reached XP level 5. HP: 37/49 MP: 8/8
  2087 | D:3      | Reached XP level 6. HP: 43/56 MP: 9/9
  2438 | D:3      | Found a broken altar of Ashenzari.
  2665 | D:3      | Noticed Sigmund
  2678 | D:3      | Killed Sigmund
  2679 | D:3      | Reached XP level 7. HP: 56/62 MP: 7/10
  2795 | D:3      | Noticed Ijyb
  2835 | D:4      | Learned a level 3 spell: Mephitic Cloud
  2948 | D:3      | Killed Ijyb
  3008 | D:3      | Found a white marble altar of Elyvilon.
  3296 | D:4      | Reached skill level 1 in Poison Magic
  3526 | D:4      | Identified the +1 robe of Conscience {Regen+ Slay+5}
  3737 | D:4      | Found a radiant altar of Vehumet.
  3813 | D:4      | Reached skill level 1 in Air Magic
  4009 | D:5      | Entered Level 5 of the Dungeon
  4028 | D:5      | Reached XP level 8. HP: 66/69 MP: 1/11
  4128 | D:5      | Noticed Edmund
  4427 | D:5      | Found a burning altar of Makhleb.
  4643 | D:5      | Noticed Dowan
  4733 | D:5      | Noticed Menkaure
  4991 | D:5      | Learned a level 4 spell: Iskenderun's Mystic Blast
  5084 | D:5      | Noticed Duvessa
  5153 | D:5      | Killed Dowan
  5254 | D:5      | Killed Duvessa
  5374 | D:5      | Killed Menkaure
  5375 | D:5      | Reached skill level 5 in Translocations
  5549 | D:5      | Found a blossoming altar of Fedhas.
  5588 | D:5      | Reached skill level 1 in Armour
  5804 | D:5      | Found a runed translucent door.
  5805 | D:5      | Noticed Crazy Yiuf
  6300 | D:6      | Reached XP level 9. HP: 76/76 MP: 3/13
  7151 | D:6      | Reached skill level 1 in Stealth
  7599 | D:6      | Found a staircase to the Ecumenical Temple.
  7623 | Temple   | Entered the Ecumenical Temple
  7728 | Temple   | Became a worshipper of Cheibriados the Contemplative
  8391 | D:7      | Noticed Joseph
  8423 | D:6      | Reached skill level 5 in Fighting
  8467 | D:7      | Reached * piety under Cheibriados
  8482 | D:6      | Reached skill level 5 in Stealth
  9020 | D:7      | Reached XP level 10. HP: 72/88 MP: 14/17
  9143 | D:7      | Identified the +3 ring mail "Lir Hena" {Str+10 Stlth+}
  9176 | D:7      | Killed Joseph
  9177 | D:7      | Reached skill level 5 in Spellcasting
  9267 | D:7      | Found a glowing golden altar of the Shining One.
  9660 | D:7      | Found a hazy altar of Hepliaklqana.
  9678 | D:7      | Found an opulent altar of Gozag.
  9753 | D:7      | Learned a level 3 spell: Vhi's Electric Charge
  9782 | D:7      | Noticed Prince Ribbit
  9792 | D:7      | Killed Prince Ribbit
  9798 | D:7      | Reached ** piety under Cheibriados
  9816 | D:7      | Found a basalt altar of Yredelemnul.
 10547 | D:8      | Reached *** piety under Cheibriados
 10588 | D:8      | Found an iron altar of Okawaru.
 11429 | D:8      | Identified the +2 leather armour of Dishonour {rF- Will+++}
 11473 | D:8      | Reached skill level 10 in Stealth
 11515 | D:8      | Found a sparkling altar of Nemelex Xobeh.
 11749 | D:9      | Found a staircase to the Lair.
 12002 | D:9      | Noticed Maggie
 12016 | D:9      | Killed Maggie
 12017 | D:9      | Reached XP level 11. HP: 97/97 MP: 10/22
 12184 | D:9      | Reached **** piety under Cheibriados
 12366 | D:9      | Reached skill level 5 in Armour
 12645 | D:9      | Noticed a manticore
 12652 | D:9      | Killed a manticore
 12731 | D:9      | Reached skill level 1 in Invocations
 12949 | D:9      | Found a staircase to the Orcish Mines.
 13045 | D:9      | Found a glowing silver altar of Zin.
 13062 | Lair:1   | Entered Level 1 of the Lair of Beasts
 13079 | D:9      | Reached ***** piety under Cheibriados
 13259 | D:10     | Entered Level 10 of the Dungeon
 13478 | D:10     | Found a sacrificial altar of Ru.
 13478 | D:10     | Found a stormy altar of Qazlal.
 13942 | D:10     | Found a shimmering altar of Xom.
 14329 | D:10     | Found a bloodstained altar of Trog.
 14858 | D:11     | Noticed a boulder beetle
 15181 | D:11     | Noticed a two-headed ogre
 15183 | D:11     | Noticed a boulder beetle
 15571 | D:11     | Killed a two-headed ogre
 15649 | D:11     | Noticed a boulder beetle
 15649 | D:11     | Noticed a wizard
 16420 | D:12     | Noticed a wizard
 16701 | D:11     | Killed a boulder beetle
 16743 | D:11     | Killed a boulder beetle
 17344 | D:11     | Reached XP level 12. HP: 108/109 MP: 24/24
 17529 | D:12     | Learned a level 4 spell: Manifold Assault
 17997 | Lair:1   | Reached skill level 5 in Invocations
 18704 | Lair:1   | Reached skill level 1 in Maces & Flails
 19413 | Lair:2   | Noticed a boulder beetle
 19429 | Lair:2   | Killed a boulder beetle
 19430 | Lair:2   | Reached skill level 5 in Maces & Flails
 19430 | Lair:2   | Gained mutation: You can use your snake-like lower body to
                  | constrict enemies. [Naga growth]
 19430 | Lair:2   | Reached XP level 13. HP: 93/118 MP: 17/25
 20380 | Lair:2   | Reached skill level 10 in Maces & Flails
 20469 | Lair:2   | Found the +12 glaive of Prune {vorpal}
 20503 | Lair:2   | Found the +7 lajatang of Order {silver, rMut}
 20759 | Lair:2   | Found a staircase to the Snake Pit.
 20884 | Lair:2   | Identified the +8 long sword "Lifebane" {venom, Int+2}
 21101 | Lair:3   | Noticed Gastronok
 21108 | Lair:3   | Killed Gastronok
 21109 | Lair:3   | Reached skill level 1 in Polearms
 21109 | Lair:3   | Reached XP level 14. HP: 127/127 MP: 13/26
 21130 | Lair:3   | Found a gate leading to a gauntlet.
 21145 | Gauntlet | Entered a Gauntlet
 21145 | Gauntlet | Found a transporter.
 21155 | Gauntlet | Found a transporter.
 21170 | Gauntlet | Found a transporter.
 21175 | Gauntlet | Found a transporter.
 21194 | Gauntlet | Found a transporter.
 21209 | Gauntlet | Found a transporter.
 21221 | Gauntlet | Found a transporter.
 21233 | Gauntlet | Found a transporter.
 21242 | Gauntlet | Noticed a quicksilver ooze
 21245 | Gauntlet | Found a transporter.
 21257 | Gauntlet | Found a transporter.
 21274 | Gauntlet | Found a transporter.
 21292 | Gauntlet | Found a transporter.
 21294 | Gauntlet | Found a transporter.
 21322 | Gauntlet | Found a transporter.
 21322 | Gauntlet | Found a transporter.
 21328 | Gauntlet | Found a transporter.
 21356 | Gauntlet | Found a transporter.
 21358 | Gauntlet | Found a transporter.
 21381 | Gauntlet | Reached skill level 2 in Polearms
 21463 | Gauntlet | Identified the ring of Tereq {Fly rElec rPois rN++ MP-9}
 21532 | Gauntlet | Reached skill level 3 in Polearms
 21536 | Gauntlet | Identified the +0 scale mail "Deoluruco" {rF- rCorr MP-9
                  | Dex+6}
 21646 | Lair:3   | Found a shimmering altar of Xom.
 21805 | Lair:3   | Found a staircase to the Shoals.
 21817 | Lair:3   | Noticed Fannar
 21819 | Lair:3   | Killed Fannar
 21820 | Lair:3   | Reached skill level 4 in Polearms
 22306 | Lair:4   | Reached skill level 10 in Translocations
 22433 | Lair:4   | Reached skill level 5 in Polearms
 22481 | Lair:4   | Found a transporter.
 22483 | Lair:4   | Found a transporter.
 22713 | Lair:4   | Reached ****** piety under Cheibriados
 22859 | Lair:4   | Found a runed translucent door.
 22862 | Lair:4   | Noticed bande's ghost (journeyman GrFi)
 22871 | Lair:4   | Reached skill level 6 in Polearms
 23068 | Lair:4   | Found a viscous altar of Jiyva.
 23089 | Lair:4   | Found a staircase to the Slime Pits.
 23340 | Lair:5   | Entered Level 5 of the Lair of Beasts
 23829 | Lair:5   | Reached skill level 7 in Polearms
 24371 | Lair:5   | Learned a level 8 spell: Disjunction
 24382 | Lair:5   | Reached skill level 8 in Polearms
 24416 | Lair:5   | Reached XP level 15. HP: 67/134 MP: 27/27
 24694 | Lair:5   | Reached skill level 9 in Polearms
 26261 | D:13     | Reached skill level 10 in Polearms
 26346 | D:13     | Identified the +1 robe of the Harp {rF+ rC+ Dex+2}
 26604 | Orc:1    | Entered Level 1 of the Orcish Mines
 27238 | Orc:2    | Entered Level 2 of the Orcish Mines
 27853 | Orc:2    | Found a staircase to the Elven Halls.
 28326 | Orc:2    | Found Xiedan's Weapon Emporium.
 28326 | Orc:2    | Found Niagropno's Jewellery Shoppe.
 28327 | Orc:2    | Found Muerucza's Antique Armour Shoppe.
 28337 | Orc:2    | Found Qiakakud's Antique Armour Emporium.
 28342 | Orc:2    | Bought a warped plate armour for 924 gold pieces
 28342 | Orc:2    | Identified the +4 plate armour of a Labyrinth {+Inv Str+4
                  | Dex+2} (You bought it in a shop on level 2 of the Orcish
                  | Mines)
 28370 | Orc:2    | Bought a spiked buckler for 361 gold pieces
 28370 | Orc:2    | Identified the +0 buckler "Paho" {+Blink rF- MP+9} (You
                  | bought it in a shop on level 2 of the Orcish Mines)
 28780 | D:13     | Found a gate to the Vaults.
 28962 | D:13     | Reached skill level 11 in Polearms
 29391 | D:15     | Entered Level 15 of the Dungeon
 29768 | D:14     | Noticed Agnes
 29772 | D:14     | HP: 4/134 [Agnes/+2 lajatang of speed (20)]
 29773 | D:14     | Killed Agnes
 29774 | D:14     | Reached XP level 16. HP: 5/141 MP: 17/28
 30109 | D:14     | Acquired 913 gold pieces
 30177 | D:14     | Found Daufriag's Jewellery Emporium.
 30908 | D:15     | Noticed Josephine
 30911 | D:15     | Killed Josephine
 30976 | D:15     | Noticed Nessos
 30978 | D:15     | Nessos changed into Nessos the guardian serpent
 30978 | D:15     | Noticed Nessos
 30982 | D:15     | Killed Nessos the guardian serpent
 31218 | D:15     | Reached skill level 12 in Polearms
 31302 | D:15     | Found a staircase to the Depths.
 31747 | D:15     | Reached skill level 15 in Translocations
 32516 | D:15     | Found a glowing silver altar of Zin.
 32953 | Lair:2   | Reached skill level 13 in Polearms
 33024 | Snake:1  | Entered Level 1 of the Snake Pit
 35209 | Snake:2  | Found a transporter.
 35243 | Snake:2  | Noticed Sosam's ghost (adept TeBe)
 35250 | Snake:2  | Found a bloodstained altar of Trog.
 35274 | Snake:2  | Found a transporter.
 35551 | Snake:2  | Noticed Aizul
 35562 | Snake:2  | Killed Aizul
 35851 | Snake:2  | Noticed a nagaraja
 35855 | Snake:2  | Killed a nagaraja
 36065 | Snake:3  | Reached skill level 14 in Polearms
 36097 | Snake:3  | Reached skill level 10 in Spellcasting
 36337 | Snake:2  | Reached XP level 17. HP: 46/148 MP: 31/31
 36979 | Snake:3  | Learned a level 5 spell: Summon Forest
 37019 | Snake:3  | Reached skill level 1 in Summonings
 37331 | Snake:3  | Reached skill level 5 in Summonings
 37488 | Snake:4  | Entered Level 4 of the Snake Pit
 37529 | Snake:4  | Reached skill level 15 in Polearms
 38937 | Snake:4  | Noticed Louise
 38949 | Snake:4  | Noticed Mara
 39002 | Snake:4  | Killed Louise
 39106 | Snake:4  | Reached skill level 16 in Polearms
 39337 | Snake:4  | Reached XP level 18. HP: 156/156 MP: 19/32
 39518 | Snake:4  | Noticed ragingrage's illusion
 39578 | Snake:4  | Killed Mara
 40027 | Snake:4  | Got a serpentine rune of Zot
 40258 | Shoals:1 | Entered Level 1 of the Shoals
 40258 | Shoals:1 | You are sucked into a shaft and drop 1 floor!
 40497 | Shoals:2 | Noticed Roxanne
 40506 | Shoals:2 | Killed Roxanne
 40690 | Shoals:2 | Identified the +3 war axe of Daizxur {vorpal, rElec Will+
                  | Str+5 Dex-5}
 41702 | Shoals:2 | Noticed Ilsuiw
 41711 | Shoals:1 | Killed Ilsuiw
 42568 | Shoals:3 | Reached skill level 10 in Summonings
 42625 | Shoals:3 | Found a runed translucent door.
 42628 | Shoals:3 | Noticed ParallaxScroll's ghost (adept OgWr)
 42642 | Shoals:3 | Reached skill level 17 in Polearms
 43348 | Shoals:3 | Found a gateway to a bazaar.
 43841 | Bazaar   | Entered a bazaar
 43841 | Bazaar   | Found Biupy's General Store.
 43845 | Bazaar   | Bought a scroll of enchant armour for 90 gold pieces
 43845 | Bazaar   | Bought a potion of curing for 36 gold pieces
 43848 | Bazaar   | Found Xiypoegh's Antique Armour Shoppe.
 43856 | Bazaar   | Bought a twisted chain mail for 123 gold pieces
 43856 | Bazaar   | Identified the +5 chain mail "Rizis" {rElec rC- Will+++
                  | Int-3} (You bought it in a shop in a bazaar)
 43856 | Bazaar   | Found Fikoc's Book Shoppe.
 43864 | Bazaar   | Bought a book of Blood for 252 gold pieces
 43867 | Bazaar   | Found Gekusch's Magic Scroll Boutique.
 43875 | Bazaar   | Bought a scroll of fog for 60 gold pieces
 43875 | Bazaar   | Bought a scroll of teleportation for 45 gold pieces
 43875 | Bazaar   | Bought a scroll of fear for 60 gold pieces
 43875 | Bazaar   | Bought a scroll of enchant armour for 112 gold pieces
 43875 | Bazaar   | Bought a scroll of fear for 60 gold pieces
 43878 | Bazaar   | Found Hustog's Antique Weapon Emporium.
 43918 | Bazaar   | Bought a book of Unlife for 324 gold pieces
 43981 | Shoals:4 | Entered Level 4 of the Shoals
 44029 | Shoals:3 | Learned a level 2 spell: Wereblood
 44269 | Shoals:4 | Reached skill level 1 in Transmutations
 44743 | Shoals:4 | Reached XP level 19. HP: 147/165 MP: 9/33
 44951 | Shoals:4 | Identified the +7 trident of Prudence {drain, Dex+4}
 45004 | Shoals:4 | Got a barnacled rune of Zot
 45066 | Shoals:4 | Reached skill level 18 in Polearms
 45936 | Vaults:1 | Entered Level 1 of the Vaults
 46309 | Vaults:1 | Reached skill level 19 in Polearms
 47350 | Vaults:1 | Reached skill level 20 in Polearms
 47585 | Vaults:1 | Found Oxoinoas's Jewellery Shop.
 47987 | Vaults:1 | Found a glowing golden altar of the Shining One.
 47987 | Vaults:1 | Found a white marble altar of Elyvilon.
 47989 | Vaults:1 | Found a glowing silver altar of Zin.
 48223 | Vaults:2 | Found a runed translucent gate.
 48224 | Vaults:2 | Found a runed translucent gate.
 48225 | Vaults:2 | Found a runed translucent gate.
 48228 | Vaults:2 | Noticed Jesycrur's ghost (veteran OpEE)
 48239 | Vaults:2 | Reached XP level 20. HP: 172/172 MP: 27/34
 49516 | Vaults:2 | Identified the +0 chain mail "Wakeuh" {Int+2}
 49516 | Vaults:2 | Identified the +8 tower shield of the Harp {+Inv Fly Str-2
                  | Dex+4}
 49521 | Vaults:2 | Identified the ring "Funantoz" {rC- Will+ Str-5 Dex+8
                  | Stlth+}
 50191 | Vaults:3 | You are sucked into a shaft and drop 1 floor!
 50450 | Vaults:4 | Noticed Boris
 50458 | Vaults:4 | Killed Boris
 50607 | Vaults:3 | Reached skill level 10 in Fighting
 50676 | Vaults:3 | Learned a level 6 spell: Summon Cactus Giant
 50821 | Vaults:3 | Learned a level 5 spell: Summon Mana Viper
 50910 | Vaults:3 | Identified the +7 triple crossbow of Courage {antimagic,
                  | rN+ Int+3}
 51010 | Vaults:3 | Reached skill level 5 in Transmutations
 51961 | Vaults:3 | Reached XP level 21. HP: 160/184 MP: 20/36
 52307 | Vaults:3 | Found a staircase to the Crypt.
 52307 | Vaults:3 | Found a basalt altar of Yredelemnul.
 52332 | Vaults:3 | Found an ancient bone altar of Kikubaaqudgha.
 52546 | Vaults:4 | Found Duzater's Jewellery Emporium.
 53442 | Vaults:4 | Reached skill level 10 in Invocations
 53980 | Vaults:4 | Learned a level 4 spell: Animate Armour
 54368 | Elf:1    | Entered Level 1 of the Elven Halls
 54372 | Elf:1    | Found Dienlunt's Weapon Emporium.
 55098 | Elf:1    | Got Sif Muna's Tractate on Gathered Striking
 55727 | Elf:2    | Found Ymmewos's Armour Shoppe.
 55967 | Elf:2    | Found a huge runed translucent gate.
 55967 | Elf:2    | Found a huge runed translucent gate.
 55967 | Elf:2    | Found a huge runed translucent gate.
 55967 | Elf:2    | Found a huge runed translucent gate.
 55967 | Elf:2    | Found a huge runed translucent gate.
 56183 | Elf:3    | Entered Level 3 of the Elven Halls
 56225 | Elf:3    | Found Dainokei's Assorted Antiques.
 56228 | Elf:3    | Bought a potion of resistance for 350 gold pieces
 56997 | Elf:3    | Identified the +6 sling of the Dripping Scorpion {elec, rN+
                  | Will+ Str+3}
 56999 | Elf:3    | Identified the +7 shortbow of Hihannei {elec, rF+}
 57043 | Elf:3    | Identified the +8 quarterstaff "Lianailiem" {vorpal, Drain
                  | rElec rN+}
 57553 | Elf:3    | Identified the +8 dagger of Tylegutz {spect, Int+7 Dex-2}
 57577 | Elf:3    | Reached XP level 22. HP: 195/195 MP: 9/38
 57889 | Elf:3    | Identified the ring of Wedeur {Int+6 Dex+3}
 58082 | Elf:3    | Identified the +6 leather armour "Mepit" {Will- Str+7}
 58206 | Elf:3    | Got the Almanac of Geometric Ozone
 58217 | Elf:3    | Identified the +6 sling of Nenam {drain, rC+++ rN++ rCorr
                  | Dex-3}
 58383 | Elf:3    | Identified the +2 cloak "Timacubi" {rF+ Str-5 Int+4}
 58709 | Depths:1 | Entered Level 1 of the Depths
 58719 | Depths:1 | Reached skill level 1 in Evocations
 59357 | Depths:1 | Noticed a caustic shrike
 59369 | Depths:1 | Killed a caustic shrike
 59520 | Depths:1 | Found a shimmering altar of Xom.
 59558 | Depths:1 | Found a gateway to Hell.
 59710 | Depths:1 | You are sucked into a shaft and drop 1 floor!
 59718 | Depths:2 | Reached skill level 5 in Dodging
 60034 | Depths:2 | Noticed a juggernaut
 60039 | Depths:2 | Killed a juggernaut
 60315 | Depths:2 | Identified the +4 sling "Lifebane" {freeze, Int+4}
 60321 | Depths:2 | Noticed a juggernaut
 60337 | Depths:2 | Killed a juggernaut
 60759 | Depths:2 | Reached XP level 23. HP: 138/205 MP: 4/39
 61064 | Depths:1 | Found a one-way gateway to a ziggurat.
 61310 | Depths:1 | Found an opulent altar of Gozag.
 61310 | Depths:1 | Found Gozag's Platinum Reserve.
 62148 | Depths:2 | Identified the +1 chain mail of the Resonant God {rElec
                  | Will+ Str+2}
 62936 | Depths:3 | Reached skill level 5 in Evocations
 63735 | Depths:3 | Found a shimmering blue altar of Sif Muna.
 63739 | Depths:3 | Found a transporter.
 64077 | Depths:3 | Found Totiggi's Vocational Training.
 64216 | Depths:3 | Bought a manual of Evocations for 1120 gold pieces
 64216 | Depths:3 | Bought a manual of Invocations for 1120 gold pieces
 64642 | Depths:3 | Found a one-way gate to the infinite horrors of the Abyss.
 64828 | Depths:3 | Reached skill level 10 in Armour
 65063 | Depths:3 | Got the Compilation of Summoned Profane Arts
 65107 | Depths:3 | Found a transporter.
 65569 | Elf:2    | Reached skill level 21 in Polearms
 66400 | Depths:4 | Entered Level 4 of the Depths
 66802 | Depths:4 | Reached XP level 24. HP: 171/218 MP: 4/40
 67463 | Depths:4 | Found Laxemuakh's General Store.
 67463 | Depths:4 | Found Wucsoji's Jewellery Shoppe.
 67467 | Depths:4 | Found Vyeddeg's Assorted Antiques.
 67805 | Vaults:2 | Killed Jesycrur's ghost
 68376 | Depths:4 | Bought a scroll of teleportation for 123 gold pieces
 68698 | Depths:4 | Found a gate to the Realm of Zot.
 69694 | Vaults:5 | Entered Level 5 of the Vaults
 69961 | Vaults:5 | Identified the +4 rapier of the Warrior-Mage {elec, Dex+4}
 70114 | Vaults:5 | Found the +3 pair of seven-league boots {Rampage+∞}
 70155 | Vaults:5 | Identified the +1 robe of the King of the Hill {rF+}
 70252 | Vaults:5 | Identified the +6 leather armour "Xiseinej" {-Tele Will+
                  | Regen+ Dex+6}
 70749 | Vaults:5 | Got a silver rune of Zot
 70751 | Vaults:5 | Got the Codex of the Grave
 70779 | Vaults:5 | Reached skill level 22 in Polearms
 70833 | Vaults:5 | Reached skill level 15 in Invocations
 70833 | Vaults:5 | Reached skill level 10 in Evocations
 70955 | Vaults:5 | Identified the +1 scale mail of Midnight {Regen+ Str-2
                  | Int+4 Slay+5}
 70979 | Vaults:5 | Noticed an ancient lich
 70991 | Vaults:5 | Killed an ancient lich
 71120 | Vaults:5 | Reached XP level 25. HP: 228/228 MP: 8/40
 71475 | Vaults:5 | Found Seozxat's General Store.
 71487 | Vaults:5 | Bought a potion of curing for 30 gold pieces
 71487 | Vaults:5 | Bought a scroll of teleportation for 30 gold pieces
 71487 | Vaults:5 | Bought a box of beasts for 400 gold pieces
 71727 | Vaults:5 | Noticed an ancient lich
 71732 | Vaults:5 | Killed an ancient lich
 72346 | Slime:1  | Entered Level 1 of the Pits of Slime
 73463 | Slime:5  | Entered Level 5 of the Pits of Slime
 73962 | Slime:5  | Noticed the Royal Jelly
 74592 | Slime:5  | Killed the Royal Jelly
 74700 | Slime:5  | Gained mutation: Your body sometimes deteriorates upon
                  | taking damage. [a shining eye]
 74700 | Slime:5  | Gained mutation: You occasionally lose the ability to drink
                  | potions when taking damage. [a shining eye]
 74702 | Slime:5  | Gained mutation: You are vulnerable to heat. (rF-) [a
                  | shining eye]
 74775 | Slime:5  | Lost mutation: You are vulnerable to heat. (rF-) [potion of
                  | mutation]
 74775 | Slime:5  | Lost mutation: You occasionally lose the ability to drink
                  | potions when taking damage. [potion of mutation]
 74775 | Slime:5  | Lost mutation: Your body sometimes deteriorates upon taking
                  | damage. [potion of mutation]
 74775 | Slime:5  | Gained mutation: Your spells are a little harder to cast,
                  | but a little more powerful. [potion of mutation]
 74775 | Slime:5  | Gained mutation: You have a pair of small horns on your
                  | head. [potion of mutation]
 74775 | Slime:5  | Gained mutation: Your spells are harder to cast, but more
                  | powerful. [potion of mutation]
 75006 | Slime:5  | Identified the +10 crystal plate armour "Wanyrch" {rF-
                  | Will+ Int+4}
 75028 | Slime:5  | Identified the ring of Heresy {rPois rN+ Will+ EV+4 Str+4}
 75053 | Slime:5  | Identified the +1 leather armour of Muschajo {Contam rN++}
 75065 | Slime:5  | Got the Lessons on Pestilence
 75072 | Slime:5  | Identified the +8 lajatang "Emefea" {vorpal, Drain rElec
                  | Int+5 SInv}
 75075 | Slime:5  | Identified the ring of Uxtuulak {Wiz Dex+4}
 75097 | Slime:5  | Got a slimy rune of Zot
 75102 | Slime:5  | Got Xogitramn's Teachings on Incendiary Changing
 75118 | Slime:5  | Identified the +1 robe of the Dungeon {-Tele rPois Int+3}
 75294 | Lair:4   | Killed bande's ghost
 75435 | Shoals:3 | Killed ParallaxScroll's ghost
 75789 | Zot:1    | Entered Level 1 of the Realm of Zot
 75893 | Zot:1    | Identified the +3 leather armour "Soamy" {+Inv rElec Int+4
                  | Dex-4}
 76008 | Zot:1    | Reached skill level 23 in Polearms
 76603 | Zot:1    | Reached skill level 1 in Earth Magic
 76709 | Zot:1    | Reached XP level 26. HP: 164/240 MP: 31/40
 77961 | Zot:2    | Noticed a Killer Klown
 77967 | Zot:2    | Noticed a Killer Klown
 77976 | Zot:2    | Killed a Killer Klown
 77985 | Zot:2    | Killed a Killer Klown
 78000 | Zot:2    | Reached skill level 15 in Fighting
 79494 | Zot:3    | Noticed an ancient lich
 79495 | Zot:3    | Noticed a Killer Klown
 79511 | Zot:3    | Killed an ancient lich
 79513 | Zot:3    | Found a shimmering blue altar of Sif Muna.
 79513 | Zot:3    | HP: 12/241 [death cob (18)]
 79514 | Zot:3    | HP: 5/241 [white draconian/blast of cold[a white draconian
                  | stormcaller] (8)]
 79520 | Zot:3    | HP: 12/241 [black draconian knight/bolt of lightning (18)]
 79535 | Zot:3    | HP: 3/241 [death cob (18)]
 79535 | Zot:3    | Mangled by a death cob

Illustrated notes

Levels and vault maps discovered:
D:1:      kennysheep_arrival_seaside, layout_basic, serial_forest,
          infiniplex_forest_clump_double, infiniplex_forest_clump_C,
          infiniplex_forest_corner_2, infiniplex_forest_lined_room_3,
          infiniplex_forest_end_1, infiniplex_forest_clump_medium, st_stairs_11,
          hex_intersection
D:2:      layout_rooms
D:3:      layout_basic, nicolae_ashenzari_panopticon, general_overflow_altar,
          uniq_grinder, uniq_ijyb, uniq_sigmund
D:4:      layout_rooms, vehumet_statue
D:5:      layout_loops_corners, fedhas_ov_isle_minmay,
          overflow_temple_1_default, corexii_checkpoint_a, water_boxes_lemuel,
          uniq_crazy_yiuf_cottage, uniq_duvessa, uniq_menkaure, uniq_edmund
D:6:      layout_cave_pools, lemuel_temple_firewalk_b
D:7:      layout_cave_pools, lemuel_mausoleum_altar_yredelemnul,
          overflow_temple_1_default, mainiacjoe_overflow_concentric_impassable,
          mainiacjoe_overflow_surrounded_room, uniq_prince_ribbit1, uniq_joseph
D:8:      lemuel_ice_spiral_2, layout_rooms, okawaru_metal_pillars_1_2,
          nemelex_altar_shiori
D:9:      layout_roguey, mainiacjoe_overflow_alcove_4, dpeg_oklobed_lair,
          hiddenorc1_lemuel, uniq_maggie
D:10:     layout_loops_ring, lemuel_round_altar, kennysheep_little_box,
          gammafunk_temple_overflow_statue, chequers_mini_garden
D:11:     layout_gridville, minmay_joined_circles
D:12:     layout_rooms
D:13:     layout_long_grid, skrybe_vaults_entry_preservation
D:14:     layout_long_grid, serial_shops, nicolae_shop_advertising_works
          [nicolae_subvault_shop_adworks], uniq_agnes
D:15:     gammafunk_depths_entry_grave, layout_cave_pods, serial_ice,
          serial_ice_b, serial_ice_f, serial_ice_h, serial_ice_n, serial_ice_k,
          serial_ice_o, serial_ice_g, serial_ice_d, serial_bayou_lagoon_a,
          zin_scriptorium, uniq_nessos, uniq_josephine
Temple:   nicolae_temple_two_arcs
Lair:1:   layout_regular_city, st_stairs_9, nicolae_lair_lindhole
Lair:2:   nzn_winding_woodlands_large [nzn_winding_woodlands_hourglass,
          nzn_winding_woodlands_5x15_twine, nzn_winding_woodlands_5x5_cross,
          nzn_winding_woodlands_center_lodge,
          nzn_winding_woodlands_15x15_thick_spiral,
          nzn_winding_woodlands_center_triple_pond,
          nzn_winding_woodlands_5x5_perimeter,
          nzn_winding_woodlands_5x15_parted,
          nzn_winding_woodlands_5x5_closed_star], layout_gridlike, st_stairs_3,
          worms_lemuel, serial_bayou_shore_a
Lair:3:   layout_hall_layers, shoals_dummy_entry, gauntlet_entry_generic,
          lemuel_oklob_altar, uniq_fannar, uniq_gastronok
Lair:4:   gammafunk_boulding_lane, layout_regular_city,
          nicolae_slime_entry_slimehenge, hellmonk_ghost_happy_afterlife,
          amcnicky_mini_pool_medium
Lair:5:   evilmike_catoblepas_cave, layout_regular_city, roderic_batcave,
          serial_bayou_pond_e, bh_autumn_forest_stairs, nzn_sisyphean_effort
Shoals:1: layout_shoals
Shoals:2: layout_shoals, uniq_ilsuiw, uniq_roxanne
Shoals:3: layout_shoals, ebering_ghost_inner_flame, serial_shops, statue_bzr,
          nicolae_shoals_drake_roost
Shoals:4: shoals_end_hellmonk_lost_city
Snake:1:  layout_onion_interference, st_stairs_8, serial_bayou_crossing
Snake:2:  layout_rooms, gammafunk_ghost_wrathful_warriors, drop_trap,
          nicolae_snake_linked_coils, grunt_megastairs_1, uniq_aizul
Snake:3:  layout_rooms, nicolae_snake_magic_snake_eye
Snake:4:  johnstein_snake_rune_scales, layout_grid_shapes,
          nicolae_triple_integral, uniq_mara, uniq_vashnia, uniq_louise
Slime:1:  layout_caves
Slime:2:  layout_caves
Slime:3:  layout_caves
Slime:4:  layout_caves
Slime:5
Orc:1:    layout_diamond_mine
Orc:2:    st_orc_mages, layout_diamond_mine
Elf:1:    layout_geoelf_diagonals, serial_shops, nicolae_shop_hallway_plus,
          minmay_elf_sorcery
Elf:2:    elven_hall_of_blades_hangedman_alternative
          [mumra_blade_entry_bloodbath], layout_rooms, serial_shops,
          nicolae_shop_waterfront
Elf:3:    minmay_elf_hall_furrowed, layout_geoelf_octagon, serial_shops,
          nicolae_shop_window_shopping
Vaults:1: portal_desolation_entry_holy_temple, hangedman_vaults_corner,
          vaults_room_door_hall, vaults_mumra_chevron, ontoclasm_vaults_hangar,
          vaults_dpeg_hooks, grunt_vaults_hallway_short,
          nicolae_vaults_network_periphery, vaults_room_hallway, serial_ice_b,
          vaults_standard_mumra_x, vaults_room_fours, vaults_room_pools,
          layout_vaults_ring, serial_shops, shop
Vaults:2: biasface_ghost_orc_armoury, vaults_standard_mumra_enter_the_diamond,
          v_misc_5, nicolae_vaults_hallways_thing, vaults_room_fancy_cross,
          nicolae_vaults_meeting, vaults_dpeg_emergency_exit,
          ontoclasm_vaults_ligature, layout_vaults_omnigrid
Vaults:3: nicolae_vaults_yaktaur_gun_rack, vaults_room_pools,
          nicolae_vaults_twisting_passages, v_misc_8, nicolae_vaults_gold_heap,
          ontoclasm_vaults_ring_small, nicolae_vaults_border_crossing,
          v_misc_29, dpeg_vaults_monster_box, minmay_crypt_entry_necro_gods,
          vaults_mumra_hexcomb, vaults_dpeg_spiral, v_misc_24,
          vaults_room_guarded_vault, vaults_dpeg_cross,
          nicolae_vaults_little_squares_3, layout_vaults_maze
Vaults:4: hangedman_vaults_hat, nicolae_vaults_ring_of_whatevers,
          hangedman_vaults_stretched_pinwheel, ontoclasm_vaults_shuriken,
          v_rooms_2, v_alt_pattern_4, nicolae_vaults_rhombus_6,
          nicolae_vaults_sealed_display, nicolae_vaults_windows_and_doors_thing,
          vaults_room_door_hall, ontoclasm_vaults_spin,
          nicolae_vaults_little_squares_2, ontoclasm_vaults_fault,
          vaults_dpeg_diagonal, layout_vaults_big_cross, serial_shops,
          nicolae_shop_competitors_out_of_business, uniq_boris
Vaults:5
Depths:1: layout_gridlike, enter_ziggurat_c, xom_teletrap_fun, hellmouth_3,
          st_stairs_3, grunt_ministairs_1, dk_noncrumbling_2,
          minmay_misc_feat_ornament, kennysheep_decorative_pillar,
          nicolae_gozag_zags_fifth_avenue
Depths:2: hangedman_cross_veins, layout_cave_shapes, rand_demon_pan_entry_7,
          grunt_mini_vestibule, hangedman_decor_clover_reticule, minivault_1,
          minmay_staircase_windowed_large
Depths:3: gammafunk_sealed_library, layout_basic,
          infiniplex_staircase_pillars_2, hell_entry,
          nicolae_abyss_entry_one_way_or_another, abandoned_shop,
          small_chamber_with_monster, nicolae_shop_vocational
Depths:4: grunt_zot_entry_alcove, layout_cave_shapes, pf_hell_entry_great_geh,
          grunt_decor_arrowhead, minmay_shop_star
Zot:1:    layout_basic
Zot:2:    grunt_zot_stairs_faceoff, layout_misc_corridors, grunt_megastairs_3
Zot:3:    ebering_klown_carousel, layout_onion, hangedman_feature_mirror

Skill      XL: |  1  2  3  4  5  6  7  8  9 10 11 12 13 14 15 16 17 18 19 20 21 22 23 24 25 26 |
---------------+-------------------------------------------------------------------------------+-----
Fighting       | 3 5 7 8 9 10 11 12 13 14 15 | 15.0
Conjurations   | 4 6 8 |  8.0
Translocations | 4 5 6 9 11 14 15 16 | 16.0
Poison Magic   | 2 4 |  4.3
Air Magic      | 1 2 |  2.0
Spellcasting   | 3 4 7 8 10 11 12 13 | 13.0
Armour         | 1 3 4 6 7 8 9 10 11 12 | 12.3
Stealth        | 6 10 12 14 | 14.0
Invocations    | 4 6 7 9 10 11 13 15 17 | 17.9
Maces & Flails | 5 10 | 10.0
Polearms       | 1 8 11 14 16 17 20 21 22 23 | 23.6
Summonings     | 8 10 11 12 13 14 | 14.7
Transmutations | 1 2 5 7 |  7.0
Dodging        | 3 5 6 8 |  8.0
Evocations     | 4 7 10 12 13 | 13.6
Earth Magic    | 1 4 |  4.1
Throwing       | |  0.8
Unarmed Combat | |  2.8

Action                   |  1- 3 |  4- 6 |  7- 9 | 10-12 | 13-15 | 16-18 | 19-21 | 22-24 | 25-27 || total
-------------------------+-------+-------+-------+-------+-------+-------+-------+-------+-------++-------
Melee: Unarmed           |   101 |    67 |       |       |       |       |       |       |       ||   168
       Punch             |     3 |     1 |     7 |    10 |     3 |       |       |       |       ||    24
       Whip              |       |    18 |    55 |       |       |       |       |       |       ||    73
       Halberd           |       |       |    72 |    12 |       |       |       |       |       ||    84
       Short sword       |       |       |    80 |     9 |       |       |       |       |       ||    89
       Dagger            |       |       |   103 |   405 |    16 |       |       |       |       ||   524
       Battleaxe         |       |       |       |    18 |     4 |     9 |       |       |       ||    31
       Morningstar       |       |       |       |   147 |   160 |       |       |       |       ||   307
       Glaive            |       |       |       |       |   693 |  1112 |  1073 |  1162 |       ||  4040
       Constrict         |       |       |       |       |    30 |    28 |    62 |    80 |    37 ||   237
       Bardiche          |       |       |       |       |       |       |       |   214 |   797 ||  1011
       Headbutt          |       |       |       |       |       |       |       |       |   101 ||   101
 Fire: Shortbow          |       |       |       |    20 |       |       |       |       |       ||    20
Throw: Boomerang         |     1 |     1 |       |       |       |       |       |       |       ||     2
       Dart              |       |     3 |     1 |     4 |     1 |     1 |       |       |       ||    10
       Javelin           |       |       |       |       |       |     1 |       |       |     1 ||     2
 Cast: Gell's Gravitas   |     5 |     3 |     5 |     5 |       |       |       |       |       ||    18
       Magic Dart        |       |       |   200 |   270 |       |     1 |       |       |       ||   471
       Mephitic Cloud    |       |       |    40 |    74 |     5 |       |       |       |       ||   119
       Blink             |       |       |     4 |     1 |       |       |       |       |       ||     5
       Vhi's Electric Ch |       |       |       |     4 |     1 |     1 |    19 |     5 |    11 ||    41
       Manifold Assault  |       |       |       |    71 |   542 |   689 |   515 |   468 |   195 ||  2480
       Summon Forest     |       |       |       |       |       |     6 |    13 |    13 |     6 ||    38
       Wereblood         |       |       |       |       |       |     2 |    40 |    31 |    12 ||    85
       Disjunction       |       |       |       |       |       |       |     1 |       |       ||     1
       Summon Mana Viper |       |       |       |       |       |       |     6 |     5 |       ||    11
       Animate Armour    |       |       |       |       |       |       |     2 |    16 |    18 ||    36
       Summon Cactus Gia |       |       |       |       |       |       |     1 |    18 |     2 ||    21
Invok: Slouch            |       |       |       |     3 |     9 |     2 |     5 |     3 |     4 ||    26
 Abil: Spit Poison       |    24 |     8 |    14 |    20 |     2 |     4 |     1 |       |       ||    73
Evoke: Wand              |       |       |     2 |     1 |     1 |     5 |     2 |       |       ||    11
       Phantom mirror    |       |       |       |       |     1 |     1 |       |     1 |     1 ||     4
       Condenser vane    |       |       |       |       |       |       |       |     2 |     1 ||     3
       Phial of floods   |       |       |       |       |       |       |       |       |     1 ||     1
  Use: Scroll            |     1 |     2 |     7 |    10 |     8 |     9 |     3 |     9 |    13 ||    62
       Potion            |       |     2 |     2 |       |     2 |     1 |       |     1 |    13 ||    21
 Stab: Sleeping          |     1 |       |       |     2 |       |       |       |     2 |       ||     5
       Confused          |       |       |    11 |    38 |     2 |       |       |     4 |       ||    55
       Invisible         |       |       |     1 |       |       |       |       |       |       ||     1
       Distracted        |       |       |       |     1 |       |     2 |     3 |     8 |     5 ||    19
Armor: Leather armour    |    43 |    52 |    64 |   184 |       |       |       |       |       ||   343
       Robe              |       |       |   146 |   190 |   124 |       |       |       |       ||   460
       Ring mail         |       |       |       |       |    49 |   192 |   170 |   283 |   108 ||   802
       Gold dragon scale |       |       |       |       |       |       |       |       |   294 ||   294
Dodge: Dodged            |    76 |    25 |   128 |   253 |   126 |   106 |    85 |   230 |   250 ||  1279

Table legend: (Time is in decaauts)
 A = Elapsed time spent in this place.
 B = Non-inter-level travel time spent in this place.
 C = Inter-level travel time spent in this place.
 D = Time resting spent in this place.
 E = Time spent auto-exploring this place.
 F = Levels seen in this place.
 G = Mean time per level.
                   A        B        C        D        E       F      G
               +--------+--------+--------+--------+--------+-----+--------+
         Total | 138585 | 119261 |  19324 |  20939 |  81430 |  53 | 2614.8 |
       Dungeon |  39196 |  31619 |   7577 |   7713 |  18520 |  15 | 2613.1 |
        Temple |    164 |    121 |     43 |      0 |    113 |   1 |  164.0 |
          Lair |  14354 |  12700 |   1654 |   1403 |   9494 |   5 | 2870.8 |
        Shoals |  10691 |   9690 |   1001 |   1029 |   7667 |   4 | 2672.8 |
     Snake Pit |  11785 |  11258 |    527 |   3040 |   7067 |   4 | 2946.2 |
    Slime Pits |   4350 |   3801 |    549 |   1655 |   1327 |   5 |  870.0 |
  Orcish Mines |   5168 |   3778 |   1390 |    137 |   3137 |   2 | 2584.0 |
   Elven Halls |   8501 |   7640 |    861 |   1309 |   5320 |   3 | 2833.7 |
        Vaults |  20524 |  18137 |   2387 |   1755 |  14160 |   5 | 4104.8 |
        Depths |  16514 |  13856 |   2658 |   2329 |   9849 |   4 | 4128.5 |
           Zot |   6201 |   5529 |    672 |    515 |   4253 |   3 | 2067.0 |
        Bazaar |    231 |    231 |      0 |      0 |    137 |   1 |  231.0 |
      Gauntlet |    902 |    902 |      0 |     51 |    382 |   1 |  902.0 |
               +--------+--------+--------+--------+--------+-----+--------+

Top non-repeatable levels by time:
Vaults:1: 4945 daAuts
    D:11: 4784 daAuts
Depths:3: 4627 daAuts
Depths:4: 4234 daAuts
Vaults:2: 4159 daAuts
   Zot:1: 4055 daAuts
Depths:2: 3969 daAuts
Vaults:4: 3968 daAuts
Vaults:5: 3874 daAuts
 Snake:4: 3842 daAuts
Shoals:3: 3806 daAuts
    D:13: 3805 daAuts
    D:15: 3782 daAuts
 Snake:2: 3692 daAuts
Depths:1: 3682 daAuts
